 Dungeon Crawl Stone Soup version 0.31-a0-851-g7ff8af7976 (webtiles) character file.

Game seed: 3560547323209468435

419816 Kurtz the Hoplite (level 23, -15/241 HPs)
             Began as a Naga Delver on Oct 8, 2023.
             Was an Initiate of Gozag.
             Killed from afar by a fire giant (47 damage)
             ... with a bolt of fire
             ... on level 2 of the Depths.
             The game lasted 01:40:37 (56345 turns).

Kurtz the Hoplite (Naga Delver)                    Turns: 56345, Time: 01:40:38

Health: -15/241    AC: 34    Str: 25    XL:     23   Next: 68%
Magic:  0/32       EV: 17    Int: 11    God:    Gozag
Gold:   8666       SH: 38    Dex: 16    Spells: 22/22 levels left

rFire   . . .        J - +9 broad axe (elec)
rCold   . . .        i - +8 tower shield {reflect}
rNeg    + + .        b - melded +7 chain mail of the Minstrel {rF+ Stlth+}
rPois   ∞            F - +0 hat of Muiciont {Contam Str+5 Slay+6}
rElec   +            U - +1 cloak
rCorr   .            a - melded +0 pair of gloves of the Devil's Team {rC+}
SInv    +            w - melded +0 barding
Will    ++...        y - brooch of Shielding {Spirit SH+8}
Stlth   ++++         Q - ring of flight
HPRegen 0.60/turn    H - ring of Fakay {rPois rN+ MP+9 Dex-2 Slay+4}
MPRegen 0.23/turn

%: reflection, guardian spirit
@: brilliant, statue-form, gold aura, flying, hasted
A: slow and powerful, torment resistance 1, boosted hp, AC +7, large, see
invisible, deformed body, poison resistance, (slowness 2), spit poison 1, naga
tail 2, stinger 1, frail 1
}: 2/15 runes: serpentine, barnacled
a: Spit Poison, Begin Untransformation, Renounce Religion, Potion Petition, Call
Merchant, Bribe Branch


You were on level 2 of the Depths.
You worshipped Gozag.
Gozag was greatly pleased with you.
You were a living statue of rough stone.
You visited 7 branches of the dungeon, and saw 36 of its levels.
You visited the Abyss 3 times.
You visited 1 bazaar.
You also visited: Bailey and Gauntlet.

You collected 21316 gold pieces.
You spent 7151 gold pieces at shops.
You paid 5499 gold pieces to Gozag.

Inventory:

Hand Weapons
 J - a +9 broad axe of electrocution (weapon)
 N - a +2 war axe of flaming
Missiles
 v - 68 poisoned darts
 B - 3 throwing nets
 C - 5 curare-tipped darts (quivered)
Armour
 a - the +0 pair of gloves of the Devil's Team (melded) {rC+}
   (You acquired it on level 10 of the Dungeon)

   rC+:       It protects you from cold.
 b - the +7 chain mail of the Minstrel (melded) {rF+ Stlth+}
   (You bought it in a shop on level 1 of the Snake Pit)

   rF+:       It protects you from fire.
   Stlth+:    It makes you more stealthy.
 i - a +8 tower shield of reflection (worn)
 w - a +0 barding (melded)
 F - the +0 hat of Muiciont (worn) {Contam Str+5 Slay+6}
   (You acquired it on level 1 of the Depths)

   Str+5:     It affects your strength (+5).
   Slay+6:    It affects your accuracy & damage with ranged weapons and melee
   (+6).
   Contam:    It causes magical contamination when unequipped.
 U - a +1 cloak (worn)
Jewellery
 d - a +5 ring of evasion
 m - a ring of protection from cold
 r - a ring of resist corrosion
 s - a +6 ring of dexterity
 y - the brooch of Shielding (around neck) {Spirit SH+8}
   (You bought it in a shop on level 1 of the Shoals)

   [amulet of guardian spirit]

   Spirit:    It causes incoming damage to be divided between your reserves of
   health and magic.
   SH+8:      It affects your SH (+8).
 H - the ring of Fakay (right fist) {rPois rN+ MP+9 Dex-2 Slay+4}
   (You found it in a Gauntlet)

   [ring of slaying]

   Dex-2:     It affects your dexterity (-2).
   Slay+4:    It affects your accuracy & damage with ranged weapons and melee
   (+4).
   rPois:     It protects you from poison rN+: It protects you from negative
   energy.
   MP+9:      It affects your magic capacity (+9).
 M - an amulet of reflection
 Q - a ring of flight (left fist)
 V - a ring of protection from cold
Talismans
 R - a granite talisman (active)
Wands
 f - a wand of roots (41)
 g - a wand of digging (22)
 x - a wand of light (15)
 E - a wand of flame (45)
 G - a wand of mindburst (8)
 O - a wand of polymorph (4)
 S - a wand of charming (11)
Scrolls
 c - 7 scrolls of fog
 e - 6 scrolls of fear
 k - 7 scrolls of teleportation
 p - 5 scrolls of vulnerability
 t - 9 scrolls of blinking
 u - a scroll of silence
 T - 3 scrolls of summoning
 Y - a scroll of amnesia
 Z - 7 scrolls of revelation
Potions
 h - 6 potions of lignification
 j - 6 potions of brilliance
 l - 12 potions of curing
 n - a potion of resistance
 o - a potion of heal wounds
 q - 8 potions of cancellation
 z - 3 potions of magic
 A - 5 potions of enlightenment
 D - 5 potions of haste
 I - 8 potions of might
 K - 2 potions of invisibility
 P - 3 potions of berserk rage
 W - 3 potions of ambrosia
Miscellaneous
 L - a box of beasts
 X - a lightning rod (4/4)


   Skills:
 * Level 12.7 Fighting
 - Level 18.0 Axes
 * Level 12.4 Armour
 - Level 15.4 Dodging
 - Level 7.2 Stealth
 - Level 21.1 Shields
 - Level 20.1 Shapeshifting


You had 22 spell levels left.
You didn't know any spells.
Your spell library contained the following spells:

 Spells                   Type           Power      Damage    Failure   Level
 Apportation              Tloc           0%         N/A       47%         1
 Kiss of Death            Conj/Necr      0%         2d5       47%         1
 Sandblast                Erth           0%         2d4       47%         1
 Slow                     Hex            0%         N/A       47%         1
 Sting                    Tmut/Pois      0%         1d3       47%         1
 Summon Small Mammal      Summ           0%         N/A       47%         1
 Blink                    Tloc           0%         N/A       63%         2
 Cigotuvi's Dreadful Rot  Necr/Pois/Air  0%         N/A       63%         2
 Jinxbite                 Hex            0%         N/A       63%         2
 Passwall                 Tmut/Erth      0%         N/A       63%         2
 Poisonous Vapours        Pois/Air       0%         N/A       63%         2
 Scorch                   Fire           0%         2d5       63%         2
 Call Canine Familiar     Summ           0%         N/A       85%         3
 Confusing Touch          Hex            0%         N/A       85%         3
 Inner Flame              Hex/Fire       0%         N/A       85%         3
 Mephitic Cloud           Conj/Pois/Air  0%         N/A       85%         3
 Stone Arrow              Conj/Erth      0%         3d7       85%         3
 Summon Guardian Golem    Hex/Summ       0%         N/A       85%         3
 Swiftness                Air            0%         N/A       85%         3
 Brom's Barrelling Bould  Conj/Erth      0%         2d3       99%         4
 Dispel Undead            Necr           0%         3d6       99%         4
 Flame Wave               Conj/Fire      0%         2d4       99%         4
 Manifold Assault         Tloc           0%         N/A       99%         4
 Olgreb's Toxic Radiance  Pois           0%         N/A       99%         4
 Sticky Flame             Conj/Fire      0%         2d3       99%         4
 Alistair's Intoxication  Tmut/Pois      0%         N/A       100%        5
 Arcjolt                  Conj/Air       0%         1d10      100%        5
 Borgnjor's Vile Clutch   Necr/Erth      0%         N/A       100%        5
 Freezing Cloud           Conj/Ice/Air   0%         6-21      100%        5
 Silence                  Hex/Air        0%         N/A       100%        5
 Summon Forest            Summ/Tloc      0%         N/A       100%        5
 Yara's Violent Unravell  Hex/Tmut       0%         3d3       100%        5
 Death Channel            Necr           0%         N/A       100%        6
 Eringya's Noxious Bog    Tmut/Pois      0%         4d6       100%        6
 Plasma Beam              Fire/Air       0%         2x1d10    100%        6
 Starburst                Conj/Fire      0%         6d3       100%        6
 Enfeeble                 Hex            0%         N/A       100%        7
 Summon Hydra             Summ           0%         N/A       100%        7
 Animate Dead             Necr           Unusable   N/A       N/A         4

Dungeon Overview and Level Annotations

Branches:
Dungeon (15/15)            Temple (0/1) D:7            Lair (4/5) D:9
 Shoals (4/4) Lair:2        Snake (4/4) Lair:2        Slime (0/5) Lair:4
    Orc (2/2) D:10            Elf (0/3) Orc:2        Vaults (5/5) D:14
  Crypt (0/3) Vaults:2     Depths (2/4) D:15         Bailey (visited)
Gauntlet (visited)

Altars:
Dithmenos
Elyvilon
Gozag
Kikubaaqudgha
Makhleb
Nemelex Xobeh
Okawaru
Ru
Sif Muna
Trog
Vehumet
Wu Jian
Zin
The Shining One
Jiyva

Shops:
D:5 *   D:10 :   Orc:2 [*:(   Lair:1 (*   Shoals:1 =   Shoals:2 *
Snake:1 [:=:   Snake:2 :=((   Snake:3 *(*   Snake:4 *   Vaults:1 *   Vaults:2 ?
Vaults:3 (   Vaults:4 [

Portals:
Hell: Depths:1
Abyss: Depths:1
Pandemonium: Depths:1 Depths:2

Annotations:
D:5 3 runed translucent doors, jasper's ghost, novice OgIE
D:8 exclusion: downstairs
D:12 6 runed translucent doors
Lair:4 2 runed translucent doors, Zyxuithu's ghost, journeyman MeSh
Snake:3 3 runed translucent doors, Miduta's ghost, journeyman DsNe
Vaults:2 8 runed translucent doors, Ziugimmo's ghost, veteran AtMo
Vaults:3 3 runed translucent doors, Luiw's ghost, veteran HOBe


Innate Abilities, Weirdness & Mutations

You are a living statue of rough stone.
Your actions are slow, but your melee attacks are powerful.
You are resistant to unholy torment.
Your maximum health is greatly increased.
Your equipment is partially melded.
((Your serpentine skin is tough. (AC +7)))
You are immune to poison.
You have supernaturally acute eyesight. (SInv)
Armour fits poorly on your strangely shaped body.
Your system is resistant to poisons. (rPois)
((You cover ground very slowly.))
You can spit poison.
You can use your snake-like lower body to constrict enemies.
Your tail ends in a venomous barb.
You are frail. (-10% HP)


Message History

You kill the sphinx!
You block the tentacled monstrosity's attack.
The tentacled monstrosity tentacle-slaps you but does no damage.
You block the tentacled monstrosity's attack.
The tentacled monstrosity constricts you!
* * * LOW HITPOINT WARNING * * *
Unknown command.
You slice the tentacled monstrosity!!
The tentacled monstrosity is almost dead.
You slash the golden dragon! You block the golden dragon's attack.
The golden dragon misses you. You block the golden dragon's attack.
You block the tentacled monstrosity's attack. x2
The tentacled monstrosity tentacle-slaps you but does no damage.
The tentacled monstrosity constricts you.
You open the tentacled monstrosity like a pillowcase!!!
You kill the tentacled monstrosity!
You cut the golden dragon into ribbons!!!
The fire giant points at you and mumbles some strange words.
The fireball explodes!
The fireball engulfs you!!!
* * * LOW HITPOINT WARNING * * *
The fireball engulfs the golden dragon!
The golden dragon resists.
You block the golden dragon's attack.
The golden dragon claws you but does no damage.
The golden dragon barely misses you.
Unknown command. [a] - 406 gold - haste and brilliance [b] - 594 gold - lignification, might, resistance, heal wounds and berserk rage [c] - 348 gold - invisibility and might Purchase which effect?
You feel yourself speed up.
You feel clever all of a sudden.
The fire giant gestures at you while chanting.
The bolt of fire hits you but does no damage.
You block the golden dragon's attack. x3
The wizard gestures wildly while chanting.
The wizard blinks!
The fire giant casts a spell at you. The bolt of fire hits you!!!
You die...
Your body crumbles into a pile of gold.

##.#.#.# #.#.#.#
##.#p#.#.# #V#.#)#
##?#.#.#.#.# #D#H#.#
##.#.#.#.#.#.#.#.#.#
##.#.#.#.#.#.#C#.#.#
##.#.#.#.#.#?#$#(#W#
#.#.#.#.#.#.#§#.#C#
##.#.#.#$#.#.#D#$##
##.#.#.#.#$#$#.#8##
.##.#.#.#.#$#.#:##
.#.#.#$#.#$#.#.##
.##.#.#.#.#.#$##
.#.#.#.#?#.#.##
..#.#.#.#.#.##
.#.#.#.#.#.##
.##.#.#.#$##
##.#.#.#.##


You could see a golden dragon, a fire giant, a flayed ghost and a wizard.

Vanquished Creatures
  Mara (Snake:3)
  Saint Roka (Vaults:1)
  Bai Suzhen (Shoals:4)
  7 caustic shrikes (Depths:1)
  Nikola (Depths:1)
  A bone dragon (Abyss:3)
  Jorgrun (D:15)
  4 tentacled monstrosities
  A shard shrike skeleton (Abyss:3)
  Rupert (D:15)
  6 sphinxes
  A walking divine tome (Depths:1)
  A kraken (Shoals:3)
  Polyphemus (Shoals:3)
  3 tentacled starspawn (Abyss:3)
  2 shadow dragons
  5 tengu reavers
  Agnes (Vaults:2)
  Kirke (Shoals:3)
  Ilsuiw (Shoals:4)
  2 storm dragons
  A revenant (Vaults:2)
  9 fire giants
  8 nagarajas
  2 deep elf sorcerers (Vaults:4)
  6 frost giants
  8 vault wardens
  Louise (Snake:3)
  3 orc warlords
  An iron dragon (Depths:1)
  A spriggan defender (Vaults:2)
  20 ironbound preservers
  A stone giant (shapeshifter) (Depths:1)
  11 very ugly things
  11 stone giants
  A formless jellyfish (Vaults:4)
  6 ironbound thunderhulks
  5 vampire knights
  2 war gargoyles
  A caustic shrike skeleton (Depths:2)
  A deep elf demonologist (Abyss:3)
  A minotaur (Gauntlet)
  13 dire elephants
  12 merfolk javelineers
  3 fire dragons (Depths:1)
  5 crystal guardians
  2 green deaths
  6 ettins
  A deep elf death mage (Vaults:4)
  14 yaktaur captains
  12 great orbs of eyes
  3 ice dragons
  2 deep elf high priests
  4 entropy weavers (Vaults:2)
  4 hydras
  4 salamander tyrants
  29 vault guards
  16 merfolk impalers
  6 merfolk avatars
  A caustic shrike simulacrum (Depths:1)
  4 rakshasas
  An alligator (shapeshifter) (Depths:1)
  4 peacekeepers
  2 spriggan air magi (Depths:1)
  Erica (Orc:1)
  6 alligator snapping turtles
  13 anacondas
  8 ironbound frosthearts
  30 centaur warriors
  A catoblepas (Shoals:4)
  7 boulder beetles
  2 satyrs
  2 dancing weapons (D:14)
  5 merfolk aquamancers
  3 deep troll earth magi (Depths:1)
  2 hell hogs (Abyss:3)
  10 tengu warriors
  6 two-headed ogres
  9 death yaks
  15 naga warriors
  2 orc high priests
  A thrashing horror (Abyss:2)
  A deep troll shaman (Depths:1)
  A demonic crawler (Abyss:2)
  14 naga sharpshooters
  Sonja (Lair:2)
  A spriggan berserker (Depths:2)
  A sun demon (Abyss:2)
  Nergalle (Orc:1)
  5 shock serpents
  9 hell knights
  3 wretched stars (Abyss:3)
  3 salamander mystics (Snake:4)
  4 skysharks
  A storm dragon zombie (Depths:2)
  2 sixfirhies
  An iron troll (Depths:1)
  55 deep trolls
  A skeletal warrior (D:10)
  A fire crab (shapeshifter) (D:10)
  A spatial maelstrom (Abyss:3)
  9 naga ritualists
  An orb spider (Abyss:3)
  A flayed ghost (Depths:1)
  An orb spider (shapeshifter) (Vaults:1)
  15 sea snakes
  2 glowing orange brains
  An iron giant zombie (Abyss:3)
  16 harpies
  11 lindwurms
  11 orc knights
  A spriggan simulacrum (Depths:2)
  9 wizards
  4 necromancers
  2 phantasmal warriors
  10 ironbound convokers
  14 starcursed masses (Abyss:3)
  5 cyclopes
  14 manticores
  6 oklob plants
  9 mana vipers
  A mana viper (shapeshifter) (Vaults:4)
  6 orc sorcerers
  11 salamanders
  11 fauns
  24 ugly things
  3 worldbinders (Abyss:3)
  11 merfolk sirens
  A moth of wrath (shapeshifter) (D:10)
  14 vault sentinels
  15 naga magi
  A stone giant skeleton (Depths:1)
  An apocalypse crab (Abyss:3)
  6 guardian serpents
  3 gargoyles
  46 black mambas
  6 smoke demons
  A torpor snail (Lair:4)
  4 orange demons
  15 cane toads
  4 rime drakes
  19 large abominations
  7 water nymphs
  A centaur skeleton (Abyss:2)
  2 komodo dragons
  3 unseen horrors
  2 efreet
  2 tengu conjurers
  3 freezing wraiths
  24 yaktaurs
  3 ancient zymes
  A meliai (shapeshifter) (Vaults:4)
  3 meliai (D:13)
  3 wind drakes
  34 merfolk
  2 hornets
  2 polar bears (Lair:3)
  9 trolls
  24 blink frogs
  Prince Ribbit (D:8)
  9 dream sheep
  9 snapping turtles
  6 raiju
  A fire giant simulacrum (Depths:1)
  23 slime creatures
  A culicivora (Vaults:2)
  20 water elementals
  A spriggan (Lair:3)
  A jumping spider (Vaults:2)
  41 yaks
  2 wraiths
  4 flying skulls (Gauntlet)
  4 shadows
  6 ynoxinuls
  3 vampires
  4 wyverns
  A basilisk (Lair:2)
  4 chaos spawn
  A hog (Shoals:3)
  2 neqoxecs (Abyss:3)
  6 redbacks (Vaults:2)
  2 vampire mosquitoes (D:13)
  49 nagas
  A steam dragon (D:9)
  5 wargs
  2 spatial vortices (Abyss:3)
  3 hell hounds (Abyss:3)
  A floating eye (Depths:1)
  3 swamp worms (Gauntlet)
  A water moccasin (shapeshifter) (D:15)
  7 water moccasins
  40 orc warriors
  A meliai simulacrum (D:14)
  An ice beast (D:5)
  3 black bears
  6 boggarts
  13 centaurs
  5 ogres
  14 small abominations
  10 wolves
  A phantom (D:6)
  A kobold brigand (D:6)
  10 bullfrogs
  8 scorpions
  A gnoll sergeant (D:10)
  4 jellies (D:7)
  4 killer bees
  2 howler monkeys (D:7)
  An electric eel (D:14)
  3 quasits
  2 hounds
  2 gnoll boudas
  12 orc priests
  2 iron imps
  A sleepcap (D:5)
  An iguana (D:6)
  21 orc wizards
  9 gnolls
  10 adders
  6 shadow imps
  4 white imps
  9 ufetubi
  4 worms
  A dart slug (D:1)
  73 orcs
  6 ball pythons
  4 bats
  7 endoplasms
  3 giant cockroaches (D:2)
  6 goblins
  2 hobgoblins
  19 kobolds
  3 quokkas
  2 frilled lizards
  6 rats
  3 starspawn tentacles (Abyss:3)
  7 tentacles
1567 creatures vanquished.

Vanquished Creatures (collateral kills)
  3 orc warriors (Bailey)
  A kobold brigand (D:8)
  An orc wizard (D:8)
  7 orcs
  3 kobolds (D:8)
15 creatures vanquished.

Vanquished Creatures (others)
  A tentacled monstrosity (Abyss:3)
  A kraken (Shoals:4)
  A merfolk impaler (Shoals:1)
  A blink frog (Abyss:3)
  5 humans (Shoals:4)
  A hog (Shoals:4)
  A goblin (D:10)
  8 starspawn tentacles (Abyss:3)
  7 tentacles
26 creatures vanquished.

Grand Total: 1608 creatures vanquished

Notes
Turn   | Place    | Note
-------+----------+-------------------------------------------
     0 | D:5      | Kurtz the Naga Delver began the quest for the Orb.
     0 | D:5      | Reached XP level 1. HP: 21/21 MP: 1/1
   146 | D:1      | Reached XP level 2. HP: 15/28 MP: 2/2
   465 | D:1      | Reached XP level 3. HP: 33/34 MP: 3/3
  1232 | D:2      | Reached XP level 4. HP: 40/42 MP: 4/4
  1729 | D:3      | Noticed a scorpion
  1743 | D:3      | Killed a scorpion
  1744 | D:3      | Reached skill level 5 in Axes
  1744 | D:3      | Reached XP level 5. HP: 25/49 MP: 5/5
  2354 | D:4      | Found an opulent altar of Gozag.
  2363 | D:4      | Became a worshipper of Gozag Ym Sagoz the Greedy
  2536 | D:4      | Reached XP level 6. HP: 56/56 MP: 6/6
  3080 | D:5      | Noticed an ice beast
  3097 | D:5      | Killed an ice beast
  3098 | D:5      | Reached XP level 7. HP: 11/62 MP: 7/7
  3779 | D:5      | Found Qosuriemm's Assorted Antiques.
  4117 | D:5      | Found an iron altar of Okawaru.
  4347 | D:5      | Found a runed translucent gate.
  4347 | D:5      | Found a runed translucent gate.
  4347 | D:5      | Found a runed translucent gate.
  4348 | D:5      | Noticed jasper's ghost (novice OgIE)
  4903 | D:6      | Reached XP level 8. HP: 48/69 MP: 8/8
  5145 | D:6      | Reached skill level 10 in Axes
  6406 | D:7      | Noticed a hornet
  6415 | D:7      | Paralysed by a hornet for 3 turns
  6426 | D:7      | Killed a hornet
  6427 | D:7      | Reached XP level 9. HP: 20/75 MP: 9/9
  6727 | D:7      | Reached skill level 1 in Armour
  7085 | D:7      | Found a staircase to the Ecumenical Temple.
  7503 | D:8      | Noticed Prince Ribbit
  7529 | D:8      | Killed Prince Ribbit
  7853 | D:8      | Found a radiant altar of Vehumet.
  7918 | D:8      | Noticed a hornet
  7953 | D:8      | Killed a hornet
  8168 | D:8      | Found a shimmering blue altar of Sif Muna.
  8189 | D:8      | Got a weird book
  8264 | D:8      | Noticed a troll
  8275 | D:8      | Killed a troll
  8278 | D:8      | Found a bloodstained altar of Trog.
  8953 | D:9      | Reached skill level 5 in Armour
  8953 | D:9      | Reached XP level 10. HP: 74/87 MP: 10/10
  9626 | D:9      | Found a sacrificial altar of Ru.
  9672 | D:9      | Identified the +1 trident of Heniqoor {pain, Stlth+}
  9686 | D:9      | Reached skill level 5 in Fighting
  9698 | D:9      | Found a staircase to the Lair.
  9800 | D:9      | Found a shadowy altar of Dithmenos.
  9805 | D:9      | Found an ornate altar of the Wu Jian Council.
  9836 | D:9      | Found a sparkling altar of Nemelex Xobeh.
  9965 | D:10     | Entered Level 10 of the Dungeon
  9981 | D:10     | Found Osishom's Book Shop.
 10010 | D:10     | Noticed a gargoyle
 10017 | D:10     | Killed a gargoyle
 10039 | D:10     | Found a flagged portal.
 10179 | Bailey   | Entered a bailey
 10573 | Bailey   | Noticed an orc knight
 10586 | Bailey   | Killed an orc knight
 10587 | Bailey   | Reached XP level 11. HP: 70/97 MP: 11/11
 10819 | D:10     | Found a staircase to the Orcish Mines.
 11007 | D:10     | Noticed a manticore
 11024 | D:10     | Killed a manticore
 11107 | D:10     | Noticed a red ugly thing
 11115 | D:10     | Killed a red ugly thing
 11179 | D:10     | Noticed a centaur warrior
 11193 | D:10     | Killed a centaur warrior
 11542 | D:10     | Acquired the +0 pair of gloves of the Devil's Team {rC+}
 11549 | D:10     | Acquired 1056 gold pieces
 11827 | D:10     | Found a glowing silver altar of Zin.
 11827 | D:10     | Found a white marble altar of Elyvilon.
 11827 | D:10     | Found a glowing golden altar of the Shining One.
 11911 | D:10     | Noticed a great orb of eyes
 11912 | D:10     | Noticed a cyan ugly thing
 11915 | D:10     | a great orb of eyes changed into a broodmother
 11915 | D:10     | Noticed a broodmother (shapeshifter)
 11990 | Lair:1   | Entered Level 1 of the Lair of Beasts
 11999 | Lair:1   | Acquired 1039 gold pieces
 13546 | Lair:1   | Bought a +4 broad axe of electrocution for 480 gold pieces
 13554 | Lair:1   | Bought a scroll labelled BIVOMM ZUAVUI for 22 gold pieces
 13554 | Lair:1   | Bought a scroll of teleportation for 66 gold pieces
 13596 | Lair:2   | Found a staircase to the Shoals.
 13857 | Lair:2   | Reached XP level 12. HP: 106/109 MP: 12/12
 14197 | Lair:2   | Reached skill level 5 in Dodging
 14639 | Lair:2   | Found a staircase to the Snake Pit.
 14757 | Lair:2   | Noticed Sonja
 14761 | Lair:2   | Killed Sonja
 14969 | Lair:3   | Reached skill level 15 in Axes
 15001 | Lair:3   | Noticed an eight-headed hydra
 15012 | Lair:3   | Killed a two-headed hydra
 15365 | Lair:3   | Noticed a boulder beetle
 15377 | Lair:3   | Killed a boulder beetle
 15632 | Lair:3   | Gained mutation: You can use your snake-like lower body to
                  | constrict enemies. [Naga growth]
 15632 | Lair:3   | Reached XP level 13. HP: 77/115 MP: 13/13
 16223 | Lair:4   | Found a runed translucent door.
 16223 | Lair:4   | Found a viscous altar of Jiyva.
 16223 | Lair:4   | Found a staircase to the Slime Pits.
 16321 | Lair:4   | Got a clothbound book
 17014 | Lair:4   | Found a burning altar of Makhleb.
 17092 | Lair:4   | Found a runed translucent door.
 17093 | Lair:4   | Noticed Zyxuithu's ghost (journeyman MeSh)
 17584 | Lair:4   | Reached XP level 14. HP: 104/123 MP: 14/14
 18694 | D:12     | Found a runed translucent door.
 18695 | D:12     | Found a runed translucent door.
 18700 | D:12     | Found a runed translucent gate.
 18701 | D:12     | Found a runed translucent gate.
 18701 | D:12     | Found a runed translucent gate.
 18897 | D:12     | Acquired 626 gold pieces
 19026 | D:12     | Found a runed translucent door.
 19748 | D:13     | Identified the +6 chain mail "Cawnu" {rPois Int+2}
 20711 | D:14     | Reached skill level 10 in Dodging
 20868 | D:14     | Found a gate leading to a gauntlet.
 20905 | Gauntlet | Entered a Gauntlet
 20905 | Gauntlet | Found a transporter.
 21011 | Gauntlet | Found a transporter.
 21014 | Gauntlet | Found a transporter.
 21015 | Gauntlet | Found a transporter.
 21023 | Gauntlet | Found a transporter.
 21026 | Gauntlet | Found a transporter.
 21027 | Gauntlet | Found a transporter.
 21039 | Gauntlet | Found a transporter.
 21040 | Gauntlet | Found a transporter.
 21044 | Gauntlet | Found a transporter.
 21048 | Gauntlet | Found a transporter.
 21051 | Gauntlet | Found a transporter.
 21052 | Gauntlet | Found a transporter.
 21065 | Gauntlet | Found a transporter.
 21338 | Abyss:2  | Cast into level 2 of the Abyss (a wizard)
 21344 | Abyss:2  | Found a corrupted altar of Lugonu.
 21745 | Gauntlet | Escaped the Abyss
 21761 | Gauntlet | Identified the +0 hat of the Gardener {Rampage rPois rCorr
                  | Str-4}
 21821 | Gauntlet | Reached skill level 10 in Fighting
 21835 | Gauntlet | Identified the ring of Fakay {rPois rN+ MP+9 Dex-2 Slay+4}
 22040 | Gauntlet | Reached XP level 15. HP: 138/138 MP: 15/15
 22159 | D:14     | Reached skill level 1 in Shields
 22162 | D:14     | Reached skill level 2 in Shields
 22179 | D:14     | Found a gate to the Vaults.
 22444 | D:14     | Identified the +3 flail of the Reaper {protect, rN+ Will-
                  | Int+8}
 22609 | D:14     | Reached skill level 3 in Shields
 22729 | D:14     | Reached skill level 4 in Shields
 23144 | Orc:1    | Entered Level 1 of the Orcish Mines
 23291 | Orc:1    | Noticed Erica
 23297 | Orc:1    | Killed Erica
 23298 | Orc:1    | Reached skill level 5 in Shields
 23302 | Orc:1    | Noticed Nergalle
 23313 | Orc:1    | Killed Nergalle
 23536 | Orc:2    | Entered Level 2 of the Orcish Mines
 23536 | Orc:2    | Found a staircase to the Elven Halls.
 23671 | Orc:1    | Reached skill level 6 in Shields
 24196 | Orc:2    | Found Xuradua's Antique Armour Shoppe.
 24205 | Orc:2    | Noticed an orc warlord
 24206 | Orc:2    | Bought a glowing scarf for 232 gold pieces
 24206 | Orc:2    | Bought a glowing scarf for 232 gold pieces
 24240 | Orc:2    | Killed an orc warlord
 24249 | Orc:2    | Reached skill level 7 in Shields
 24268 | Orc:2    | Found Tauxui's General Store.
 24512 | Orc:2    | Paralysed by an orc sorcerer for 3 turns
 24777 | Orc:2    | Bought a runed hat for 203 gold pieces
 24920 | Orc:2    | Found Aroisk's Antique Weapon Shoppe.
 24961 | Orc:2    | Found Siziucwu's Book Emporium.
 25333 | D:10     | Reached skill level 8 in Shields
 25673 | D:15     | Entered Level 15 of the Dungeon
 25680 | D:15     | Noticed Jorgrun
 25690 | D:15     | Killed Jorgrun
 25783 | D:15     | Reached skill level 9 in Shields
 25923 | D:15     | Identified the +4 whip of Qeafot {protect, Fragile rPois
                  | rF+}
 26252 | D:15     | Found a staircase to the Depths.
 26356 | D:15     | Noticed Rupert
 26369 | D:15     | Killed Rupert
 26370 | D:15     | Reached skill level 10 in Shields
 26471 | D:15     | Reached XP level 16. HP: 130/146 MP: 16/16
 26921 | Snake:1  | Entered Level 1 of the Snake Pit
 26922 | Snake:1  | Found Inaext's Armour Shoppe.
 26949 | Snake:1  | Bought the +7 chain mail of the Minstrel {rF+ Stlth+} for
                  | 957 gold pieces
 27013 | Snake:1  | Found Zipug's Book Boutique.
 27015 | Snake:1  | Found Acedeux's Jewellery Emporium.
 27016 | Snake:1  | Found Opoasch's Book Boutique.
 27242 | Snake:1  | Bought an amulet of reflection for 360 gold pieces
 27401 | Snake:1  | Reached skill level 11 in Shields
 28788 | Snake:2  | Reached skill level 12 in Shields
 29468 | Snake:2  | Found Ged Nyd's Antique Weapon Emporium.
 29469 | Snake:2  | Found Oseatot's Jewellery Emporium.
 29471 | Snake:2  | Found Ygeg's Antique Weapon Emporium.
 29471 | Snake:2  | Found Doneg's Book Emporium.
 29557 | Snake:2  | Bought a manual of Dodging for 960 gold pieces
 29788 | Snake:2  | Identified the +2 shortbow of Ibloabyr {antimagic, Fly
                  | Dex+3}
 29875 | Snake:2  | Noticed a nagaraja
 29882 | Snake:2  | Killed a nagaraja
 29883 | Snake:2  | Reached skill level 13 in Shields
 30845 | Snake:3  | Found a runed translucent gate.
 30845 | Snake:3  | Found a runed translucent gate.
 30845 | Snake:3  | Found a runed translucent gate.
 30848 | Snake:3  | Noticed Miduta's ghost (journeyman DsNe)
 30857 | Snake:3  | Found a shimmering blue altar of Sif Muna.
 31064 | Snake:3  | Noticed Mara
 31373 | Snake:3  | Killed Mara
 31374 | Snake:3  | Reached skill level 14 in Shields
 31680 | Snake:3  | Found Wetsoo's Assorted Antiques.
 31684 | Snake:3  | Found Hutt's Antique Weapon Shop.
 31685 | Snake:3  | Found Owerheoju's Assorted Antiques.
 31688 | Snake:3  | Bought a scroll labelled VUEM TIKKOHU for 40 gold pieces
 31689 | Snake:3  | Bought a potion of haste for 400 gold pieces
 31768 | Snake:3  | Reached XP level 17. HP: 153/153 MP: 17/17
 32323 | Snake:3  | Noticed Louise
 32340 | Snake:3  | Killed Louise
 32645 | Snake:4  | Entered Level 4 of the Snake Pit
 32713 | Snake:4  | Reached skill level 15 in Shields
 33478 | Shoals:1 | Entered Level 1 of the Shoals
 33711 | Shoals:1 | Reached skill level 10 in Armour
 34060 | Shoals:1 | Found Furoyc's Jewellery Shoppe.
 35001 | Shoals:2 | Found Woihuche's Assorted Antiques.
 35041 | Shoals:2 | Bought a potion of invisibility for 272 gold pieces
 36240 | Shoals:2 | Reached XP level 18. HP: 160/160 MP: 18/18
 37251 | Shoals:3 | Reached skill level 16 in Shields
 38643 | Shoals:4 | Entered Level 4 of the Shoals
 38643 | Shoals:4 | Noticed Polyphemus
 38668 | Shoals:4 | Found a flickering gateway to a bazaar.
 38670 | Shoals:4 | Noticed Kirke
 38683 | Shoals:3 | Killed Kirke
 38993 | Bazaar   | Entered a bazaar
 39118 | Bazaar   | Found Bedinakh's Book Shop.
 39158 | Bazaar   | Found Liuck's Antique Armour Boutique.
 39172 | Bazaar   | Found Xetez's General Store.
 39186 | Bazaar   | Found Isemamio's Weapon Boutique.
 39200 | Bazaar   | Found Yret's Armour Shop.
 39270 | Bazaar   | Bought a glowing cloak for 262 gold pieces
 39300 | Bazaar   | Bought a potion of curing for 30 gold pieces
 39300 | Bazaar   | Bought a potion of berserk rage for 50 gold pieces
 39456 | Shoals:1 | Bought a granite talisman for 1360 gold pieces
 39468 | Shoals:1 | Bought the brooch of Shielding {Spirit SH+8} for 1105 gold
                  | pieces
 39468 | Shoals:1 | Found the brooch of Shielding {Spirit SH+8}
 39925 | Snake:4  | Reached skill level 1 in Shapeshifting
 40028 | Snake:4  | Reached skill level 17 in Shields
 41157 | Snake:4  | Got a serpentine rune of Zot
 41288 | Snake:4  | Found Duts's CLEARANCE SALE!.
 41832 | Abyss:3  | Found a corrupted altar of Lugonu.
 41832 | Abyss:3  | Cast into level 3 of the Abyss (merfolk impaler)
 41873 | Abyss:3  | Reached skill level 5 in Shapeshifting
 41972 | Abyss:3  | Reached XP level 19. HP: 169/169 MP: 19/19
 42063 | Abyss:3  | Noticed a bone dragon
 42102 | Abyss:3  | Killed a bone dragon
 42171 | Abyss:3  | Gained mutation: You occasionally lose the ability to drink
                  | potions when taking damage. [a neqoxec]
 42208 | Shoals:4 | Escaped the Abyss
 42506 | Shoals:3 | Lost mutation: You occasionally lose the ability to drink
                  | potions when taking damage. [potion of mutation]
 42506 | Shoals:3 | Gained mutation: You are partially covered in iridescent
                  | scales. (AC +2) [potion of mutation]
 42551 | Shoals:4 | Noticed Bai Suzhen
 42575 | Shoals:4 | Killed Bai Suzhen
 43087 | Shoals:3 | Reached skill level 18 in Shields
 43092 | Shoals:3 | Killed Polyphemus
 43400 | Shoals:4 | Identified the +1 leather armour of Cirotwyl {Fly rCorr
                  | Int+4}
 43422 | Shoals:4 | Got a barnacled rune of Zot
 43520 | Shoals:4 | Identified the +3 halberd of the Baking Pariah {freeze,
                  | Str+4}
 43588 | Shoals:4 | Noticed Ilsuiw
 44140 | Shoals:4 | Killed Ilsuiw
 45150 | Vaults:1 | Entered Level 1 of the Vaults
 45246 | Vaults:1 | Found Heinof's Assorted Antiques.
 45306 | Vaults:1 | Reached skill level 10 in Shapeshifting
 45652 | Vaults:1 | Reached XP level 20. HP: 182/182 MP: 20/20
 45902 | Vaults:1 | Noticed Saint Roka
 45928 | Vaults:1 | Killed Saint Roka
 46634 | Vaults:2 | Found a large runed translucent door.
 46634 | Vaults:2 | Found a large runed translucent door.
 46634 | Vaults:2 | Found a large runed translucent door.
 46634 | Vaults:2 | Found a large runed translucent door.
 46634 | Vaults:2 | Noticed Ziugimmo's ghost (veteran AtMo)
 46636 | Vaults:2 | Found a large runed translucent door.
 46636 | Vaults:2 | Found a large runed translucent door.
 46636 | Vaults:2 | Found a large runed translucent door.
 46636 | Vaults:2 | Found a large runed translucent door.
 47560 | Vaults:2 | Reached skill level 15 in Shapeshifting
 47639 | Vaults:2 | Found Pifissika's Magic Scroll Shoppe.
 47647 | Vaults:2 | Bought a scroll of blinking for 120 gold pieces
 47740 | Vaults:2 | Found a staircase to the Crypt.
 47953 | Vaults:2 | Noticed Agnes
 47966 | Vaults:2 | Killed Agnes
 48696 | Vaults:3 | Reached XP level 21. HP: 172/189 MP: 21/21
 49506 | Vaults:3 | Found a runed translucent gate.
 49506 | Vaults:3 | Found an ancient bone altar of Kikubaaqudgha.
 49506 | Vaults:3 | Found a runed translucent gate.
 49506 | Vaults:3 | Found a runed translucent gate.
 49506 | Vaults:3 | Noticed an ancient lich
 49506 | Vaults:3 | Noticed an ancient lich
 49507 | Vaults:3 | Noticed Luiw's ghost (veteran HOBe)
 49935 | Vaults:3 | Found Ewemeumn's Antique Weapon Emporium.
 50140 | Vaults:4 | Found Seodeuph's Antique Armour Shop.
 50728 | Vaults:4 | Identified the +2 robe of Watchfulness {rC- Regen+ Dex+3}
 50997 | Vaults:4 | Reached skill level 19 in Shields
 51263 | Vaults:4 | Reached XP level 22. HP: 198/198 MP: 22/22
 51485 | Vaults:5 | Entered Level 5 of the Vaults
 52018 | Vaults:5 | Noticed a golden dragon
 52024 | Abyss:3  | Cast into level 3 of the Abyss (a deep elf sorcerer)
 52076 | Abyss:3  | Found a corrupted altar of Lugonu.
 52306 | Abyss:3  | Gained mutation: You occasionally lose the ability to drink
                  | potions when taking damage. [a neqoxec]
 52308 | Abyss:3  | Lost mutation: You are partially covered in iridescent
                  | scales. (AC +2) [potion of mutation]
 52308 | Abyss:3  | Lost mutation: You occasionally lose the ability to drink
                  | potions when taking damage. [potion of mutation]
 52308 | Abyss:3  | Gained mutation: You have a beak for a mouth. [potion of
                  | mutation]
 52308 | Abyss:3  | Gained mutation: You do not regenerate when monsters are
                  | visible. [potion of mutation]
 52308 | Abyss:3  | Gained mutation: You possess an exceptional clarity of
                  | mind. [potion of mutation]
 52309 | Abyss:3  | Lost mutation: You have a beak for a mouth. [potion of
                  | mutation]
 52309 | Abyss:3  | Lost mutation: You possess an exceptional clarity of mind.
                  | [potion of mutation]
 52309 | Abyss:3  | Lost mutation: You do not regenerate when monsters are
                  | visible. [potion of mutation]
 52309 | Abyss:3  | Gained mutation: Your tail ends in a venomous barb. [potion
                  | of mutation]
 52309 | Abyss:3  | Gained mutation: You occasionally lose the ability to drink
                  | potions when taking damage. [potion of mutation]
 52310 | Abyss:3  | Lost mutation: You occasionally lose the ability to drink
                  | potions when taking damage. [potion of mutation]
 52310 | Abyss:3  | Lost mutation: Your tail ends in a venomous barb. [potion
                  | of mutation]
 52310 | Abyss:3  | Gained mutation: Your tail ends in a venomous barb. [potion
                  | of mutation]
 52310 | Abyss:3  | Gained mutation: You are frail. (-10% HP) [potion of
                  | mutation]
 52355 | Vaults:4 | Escaped the Abyss
 52763 | Vaults:4 | Reached skill level 20 in Shields
 53176 | Depths:1 | Entered Level 1 of the Depths
 53176 | Depths:1 | Noticed Nikola
 53185 | Depths:1 | Killed Nikola
 53253 | Depths:1 | Found a burning altar of Makhleb.
 53709 | Depths:1 | Found a one-way gate leading to the halls of Pandemonium.
 53869 | Depths:1 | Found a gateway to Hell.
 54046 | Depths:1 | Found a one-way gate to the infinite horrors of the Abyss.
 54130 | Depths:1 | Noticed a caustic shrike
 54131 | Depths:1 | Noticed a caustic shrike
 54137 | Depths:1 | Noticed a caustic shrike
 54552 | Depths:1 | Reached XP level 23. HP: 184/184 MP: 23/23
 54562 | Depths:1 | Reached skill level 15 in Dodging
 54576 | Depths:1 | an iron giant changed into a juggernaut
 54576 | Depths:1 | Noticed a juggernaut (glowing shapeshifter)
 54578 | Depths:1 | a juggernaut changed into a rockslime
 54581 | Depths:1 | a rockslime changed into a juggernaut
 54581 | Depths:1 | Noticed a juggernaut (glowing shapeshifter)
 54583 | Depths:1 | a juggernaut changed into a titan
 54586 | Depths:1 | a titan changed into a juggernaut
 54586 | Depths:1 | Noticed a juggernaut (glowing shapeshifter)
 54588 | Depths:1 | a juggernaut changed into a shard shrike
 54588 | Depths:1 | Noticed a shard shrike (glowing shapeshifter)
 54591 | Depths:1 | a shard shrike changed into a juggernaut
 54591 | Depths:1 | Noticed a juggernaut (glowing shapeshifter)
 54599 | Depths:1 | a juggernaut changed into a caustic shrike
 54599 | Depths:1 | Noticed a caustic shrike (glowing shapeshifter)
 54600 | Depths:1 | a caustic shrike changed into a shadow dragon
 55056 | Depths:1 | Noticed a caustic shrike
 55057 | Depths:1 | Killed a caustic shrike
 55058 | Depths:1 | Noticed a caustic shrike
 55065 | Depths:1 | Killed a caustic shrike
 55066 | Depths:1 | Noticed a caustic shrike
 55067 | Depths:1 | Noticed a caustic shrike
 55068 | Depths:1 | Killed a caustic shrike
 55068 | Depths:1 | Killed a caustic shrike
 55073 | Depths:1 | Killed a caustic shrike
 55077 | Depths:1 | Killed a caustic shrike
 55078 | Depths:1 | Killed a caustic shrike
 55343 | Depths:1 | Got a vibrating book
 55595 | Depths:1 | Acquired the +0 hat of Muiciont {Contam Str+5 Slay+6}
 55643 | Depths:1 | Reached skill level 21 in Shields
 55654 | Depths:1 | Identified the +6 scale mail "Dynuarum" {rN+ Will- Int+5}
 55655 | Depths:1 | Identified the +1 robe "Bylih" {SInv}
 56323 | Depths:2 | Noticed a golden dragon
 56345 | Depths:2 | Killed from afar by a fire giant

Illustrated notes

Levels and vault maps discovered:
D:1:      lemuel_arrival_tunnels, layout_basic, lemuel_flame_loot_1
D:2:      layout_basic
D:3:      layout_basic
D:4:      layout_loops_ring, mainiacjoe_overflow_paths
D:5:      kennysheep_spiral_hall, layout_layer_cave,
          nicolae_overflow_hidden_temple, serial_shops, shop,
          ebering_ghost_rock_garden
D:6:      layout_loops_ring, nicolae_figureground_sparkle
D:7:      layout_basic, temple_hall
D:8:      layout_cave_pods, vehumet_crystals,
          nzn_overflow_gifts_of_might_and_magic, uniq_prince_ribbit1
D:9:      layout_cross, nicolae_ru_sacrificial_ziggurat, nemelex_altar_shiori,
          mainiacjoe_overflow_large_starburst, dpeg_oklobed_lair
D:10:     layout_roguey, dreamdust_divine_triumvirate, david_orc_3,
          serial_glass, glass_columns_c, glass_columns_b, glass_columns_c,
          glass_columns_a, glass_columns_a, glass_columns_a, glass_columns_a,
          glass_columns_b, glass_columns_b, glass_columns_b, glass_columns_a,
          glass_columns_a, glass_columns_a, glass_columns_b, serial_shops,
          nicolae_book_shop_shelving, enter_bailey_5, minmay_evil_grid
D:11:     layout_roguey
D:12:     layout_roguey, ploomutoo_gammafunk_ghost_potion_laboratory,
          mikee_hates_you
D:13:     layout_stronghold, drop_trap
D:14:     layout_roguey, erik_vaults_1, gauntlet_entry_generic,
          nicolae_cairo_tiling_large, kennysheep_cluttered_room, kb_rosetta
D:15:     grunt_enter_depths_snipers, layout_cave_pools,
          minmay_misc_feat_more_columns, uniq_rupert, uniq_jorgrun
Lair:1:   layout_cave_pods
Lair:2:   layout_cave_pods, elwin_shoals_entry_rocks, dummy_snake_entry,
          lemuel_old_faithful, uniq_sonja
Lair:3:   layout_regular_city, grunt_forest_stairs_clearing,
          serial_bayou_shore_a, lemuel_fruit_tree
Lair:4:   minmay_lair_oklob_chamber, layout_long_grid, slime_entry_2,
          ebering_ghost_inner_flame, basic_altar, grunt_forest_stairs_basic,
          grunt_megastairs_1
Shoals:1: layout_shoals, serial_shops, nicolae_take_the_stairs,
          nicolae_shoals_lost_giant_temple, nicolae_shoals_pincushion_passage
Shoals:2: layout_shoals, serial_shops, nicolae_shop_peninsula,
          nicolae_shoals_gull_way
Shoals:3: layout_shoals, nicolae_shoals_this_corrosion
Shoals:4: shoals_end_hangedman, layout_shoals, shoals_ilsuiw_ice, serial_shops,
          bzr_entry_lakeside, nicolae_shoals_lost_giant_hut, uniq_kirke,
          uniq_polyphemus, uniq_bai_suzhen
Snake:1:  layout_chambers, serial_shops, shop, nicolae_snake_gridmaze_waves,
          nicolae_snake_gridmaze_big_u, minmay_shop_grove
Snake:2:  layout_concentric_octagons, grunt_ministairs_8, st_stairs_14,
          minmay_shop_grid_forest
Snake:3:  layout_cave_town, ebering_ghost_rock_garden, basic_altar,
          minmay_shop_star, uniq_mara, uniq_louise
Snake:4:  snake_pit, layout_grid_maze, nicolae_shop_clearance
Orc:1:    layout_caves, basic_altar, uniq_nergalle, uniq_erica
Orc:2:    grunt_orc_gardens, layout_caves, grunt_orc_garden, grunt_orc_garden,
          grunt_orc_garden, grunt_orc_garden
Vaults:1: vaults_dpeg_cross, ontoclasm_vaults_tryst, dpeg_vaults_monster_box,
          nicolae_vaults_security_offices_4, nicolae_vaults_yaktaur_gun_rack,
          grunt_vaults_funnel, layout_vaults_omnigrid, serial_shops, shop,
          uniq_saint_roka
Vaults:2: advil_vaults_ghost_lines, hangedman_vaults_cutoff,
          ontoclasm_vaults_ligature, nicolae_vaults_network_quinsquares
          [nicolae_vaults_network_quincunx_subvault,
          nicolae_vaults_network_quincunx_subvault,
          nicolae_vaults_network_quincunx_subvault,
          nicolae_vaults_network_quincunx_subvault], vaults_room_boxed,
          v_misc_30, nicolae_vaults_trapezoid_4, v_misc_13, v_misc_26,
          minmay_crypt_entry_simple_plaza, sword_in_stone, layout_vaults_ring,
          serial_shops, shop
Vaults:3: gammafunk_ghost_crypt, nicolae_vaults_network_s,
          nicolae_vaults_specimen_jars, vaults_room_corners,
          nicolae_vaults_oval_intersection,
          nicolae_vaults_doubleplus_tesselated, nicolae_vaults_trapezoid_4,
          nicolae_vaults_diamond_2, ontoclasm_vaults_idyll, vaults_room_grid,
          vaults_standard_mumra_x, st_smaller_cells,
          nicolae_vaults_double_plus_1, layout_vaults_maze, serial_shops, shop
Vaults:4: ontoclasm_vaults_misaligned, v_pattern_1,
          nicolae_vaults_steering_wheel, hangedman_vaults_nodes,
          nicolae_vaults_hallways_thing, ontoclasm_vaults_chip, v_misc_16,
          nicolae_vaults_enemy_cabinets, v_misc_31, nicolae_vaults_six-pack,
          layout_vaults_omnibox, serial_shops,
          nicolae_shop_competitors_out_of_business
Vaults:5: serial_shops, uniq_margery
Depths:1: grunt_twisty_corner, layout_basic, pan_entry,
          roderic_nine_men_s_morris, minmay_room_of_horrors,
          grunt_hell_entry_dis_mu, makhleb_altar_promises_db, uniq_nikola
Depths:2: angbandy_vault, layout_basic, pan_entry, minmay_misc_feat_diagonals,
          hangedman_tar_grid_catacomb, drop_trap

Skill      XL: |  1  2  3  4  5  6  7  8  9 10 11 12 13 14 15 16 17 18 19 20 21 22 23 |
---------------+----------------------------------------------------------------------+-----
Axes           | 3 4 5 6 7 9 11 13 16 18 | 18.0
Armour         | 5 8 9 12 | 12.4
Dodging        | 3 4 5 7 10 11 12 13 14 15 | 15.4
Fighting       | 4 5 7 10 11 12 | 12.7
Shields        | 10 14 15 17 18 19 20 21 | 21.1
Shapeshifting  | 5 11 16 18 19 20 | 20.1
Stealth        | |  7.2

Action                     |  1- 3 |  4- 6 |  7- 9 | 10-12 | 13-15 | 16-18 | 19-21 | 22-24 || total
---------------------------+-------+-------+-------+-------+-------+-------+-------+-------++-------
  Melee: Hand axe          |    76 |   199 |   425 |       |       |       |       |       ||   700
         Punch             |       |     2 |     8 |     4 |     8 |       |       |       ||    22
         War axe           |       |       |    29 |   383 |    21 |       |       |       ||   433
         Broad axe         |       |       |       |   159 |   793 |  1168 |  1219 |   605 ||  3944
         Constrict         |       |       |       |       |   163 |   263 |   240 |    96 ||   762
  Throw: Javelin           |       |     6 |       |       |     4 |       |       |       ||    10
         Dart              |       |       |    10 |    10 |     7 |     4 |     3 |     2 ||    36
         Throwing net      |       |       |       |       |     1 |       |       |       ||     1
 Invoke: Call Merchant     |       |       |       |     2 |       |       |       |       ||     2
         Potion Petition   |       |       |       |       |     5 |     2 |     1 |     3 ||    11
Ability: Spit Poison       |       |     1 |     5 |       |       |       |       |       ||     6
         Evoke Invisibilit |       |       |       |       |     1 |       |       |       ||     1
  Evoke: Wand              |       |     1 |     8 |    24 |    12 |    14 |     1 |       ||    60
         Lightning rod     |       |       |       |       |     4 |     1 |     3 |       ||     8
         Box of beasts     |       |       |       |       |     1 |     1 |       |       ||     2
    Use: Potion            |       |     3 |     1 |       |     9 |     8 |     1 |     5 ||    27
         Scroll            |       |       |       |    19 |    16 |    11 |     5 |     3 ||    54
   Stab: Sleeping          |     3 |       |       |       |       |     3 |     7 |     5 ||    18
         Distracted        |       |       |       |     4 |     5 |    10 |    11 |    12 ||    42
         Invisible         |       |       |       |     3 |    10 |       |       |     3 ||    16
         Held in net/web   |       |       |       |       |       |       |     1 |       ||     1
 Armour: Leather armour    |    41 |       |       |       |       |       |       |       ||    41
         Chain mail        |    20 |   171 |   484 |   502 |   558 |   738 |   564 |       ||  3037
         Skin              |       |    19 |     4 |       |    55 |       |    87 |   485 ||   650
  Dodge: Dodged            |    31 |    45 |    81 |   309 |   391 |   244 |   178 |   282 ||  1561
  Block: Kite shield       |       |       |       |       |   168 |   997 |       |       ||  1165
         Reflection        |       |       |       |       |       |   102 |    95 |    30 ||   227
         Tower shield      |       |       |       |       |       |   150 |  1719 |  1133 ||  3002
   Form: Statue            |       |       |       |       |       |       |     1 |       ||     1

Table legend: (Time is in decaauts)
 A = Elapsed time spent in this place.
 B = Non-inter-level travel time spent in this place.
 C = Inter-level travel time spent in this place.
 D = Time resting spent in this place.
 E = Time spent auto-exploring this place.
 F = Levels seen in this place.
 G = Mean time per level.
                   A        B        C        D        E       F      G
               +--------+--------+--------+--------+--------+-----+--------+
         Total |  68624 |  64026 |   4598 |  15816 |  34980 |  42 | 1633.9 |
       Dungeon |  21332 |  19349 |   1983 |   3728 |  12500 |  15 | 1422.1 |
          Lair |   7330 |   6568 |    762 |   1419 |   4200 |   4 | 1832.5 |
        Shoals |   9707 |   9161 |    546 |   3564 |   3716 |   4 | 2426.8 |
     Snake Pit |  10106 |   9378 |    728 |   2590 |   5166 |   4 | 2526.5 |
  Orcish Mines |   2556 |   2411 |    145 |    561 |   1355 |   2 | 1278.0 |
        Vaults |   9567 |   9197 |    370 |   1918 |   5431 |   5 | 1913.4 |
        Depths |   4630 |   4568 |     62 |   1504 |   1870 |   2 | 2315.0 |
         Abyss |   1356 |   1356 |      0 |     40 |     75 |   3 |  452.0 |
        Bazaar |    440 |    440 |      0 |    118 |    144 |   1 |  440.0 |
        Bailey |    684 |    684 |      0 |    219 |    171 |   1 |  684.0 |
      Gauntlet |    911 |    911 |      0 |    150 |    347 |   1 |  911.0 |
               +--------+--------+--------+--------+--------+-----+--------+

Top non-repeatable levels by time:
Depths:1: 4175 daAuts
Shoals:3: 3944 daAuts
Vaults:4: 3430 daAuts
 Snake:1: 2660 daAuts
 Snake:4: 2521 daAuts
 Snake:2: 2501 daAuts
 Snake:3: 2424 daAuts
Vaults:2: 2414 daAuts
     D:8: 2278 daAuts
     D:5: 2108 daAuts
    D:10: 2078 daAuts
    D:13: 2075 daAuts
  Lair:1: 2047 daAuts
Shoals:4: 2026 daAuts
  Lair:2: 1980 daAuts
